 Dungeon Crawl Stone Soup version 0.28-a0-1182-g381e24d (webtiles) character file.

Game seed: 8899682749986151682

71121 HDogLeCool the Severer (level 14, -12/120 HPs)
             Began as a Demonspawn Fighter on Dec 14, 2021.
             Was the Champion of Makhleb.
             Mangled by a merfolk (13 damage)
             ... on level 2 of the Shoals on Dec 16, 2021.
             The game lasted 00:59:38 (23881 turns).

HDogLeCool the Severer (Demonspawn Fighter)        Turns: 23881, Time: 00:59:39

Health: -12/120    AC: 25    Str: 28    XL:     14   Next: 96%
Magic:  17/17      EV:  5    Int:  8    God:    Makhleb [******]
Gold:   2258       SH:  0    Dex: 13    Spells: 13/13 levels left

rFire   . . .      SeeInvis +   a - +3 hand axe (elec)
rCold   . . .      Faith    .   E - +3 kite shield of Reton {+Inv rCorr Int+2}
rNeg    + . .      Spirit   .   H - quicksilver dragon scales
rPois   .          Reflect  .   (helmet unavailable)
rElec   .          Harm     .   u - +2 cloak {rCorr}
rCorr   +          Rampage  ∞   G - +0 pair of gloves
Will    +++++      Rage     50% W - +3 pair of seven-league boots {Rampage+∞}
Stlth   +.........              J - necklace of Bloodlust {*Rage Will++ Int-3 Slay+6}
HPRegen 0.30/turn               m - +6 ring of strength
MPRegen 0.15/turn               U - ring of positive energy

@: lethally poisoned (-12 -> -52), held
A: antennae 3, yellow scales 2, foul stench 2, spiny 1, demonic willpower
a: Renounce Religion, Evoke Invisibility, Minor Destruction, Lesser Servant of
Makhleb, Major Destruction, Greater Servant of Makhleb


You were on level 2 of the Shoals.
You worshipped Makhleb.
Makhleb was exalted by your worship.
You visited 3 branches of the dungeon, and saw 17 of its levels.
You also visited: Gauntlet.

You collected 2258 gold pieces.

Inventory:

Hand Weapons
 a - a +3 hand axe of electrocution (weapon)
Missiles
 f - 516 stones (quivered)
 i - 85 poisoned darts
 n - 14 datura-tipped darts
 y - 8 atropa-tipped darts
 R - 11 curare-tipped darts
 Y - 2 throwing nets
Armour
 u - a +2 cloak of preservation (worn)
 E - the +3 kite shield of Reton (worn) {+Inv rCorr Int+2}
   (You found it in a Gauntlet)

   Int:       It affects your intelligence (+2).
   +Inv:      It lets you turn invisible.
   rCorr:     It protects you from acid and corrosion.
 G - a +0 pair of gloves (worn)
 H - quicksilver dragon scales (worn)
 W - the +3 pair of seven-league boots (worn) {Rampage+∞}
   (You found it on level 2 of the Shoals)

   Its wearer moves as far as possible in that direction when moving towards
   enemies.
Jewellery
 m - a +6 ring of strength (left hand)
 s - the ring of the Median {rF+++ rCorr Str+3 Dex+6 Slay-5}
   (You found it on level 8 of the Dungeon)

   [ring of dexterity]

   Str:       It affects your strength (+3).
   Dex:       It affects your dexterity (+6).
   Slay:      It affects your accuracy & damage with ranged weapons and melee
   (-5).
   rF:        It renders you almost immune to fire.
   rCorr:     It protects you from acid and corrosion.
 A - the amulet of Couzo {Faith Rampage rN+++ Will- Dex+2}
   (You found it on level 6 of the Dungeon)

   [amulet of faith]

   It allows you to gain divine favour quickly.
   Dex:       It affects your dexterity (+2).
   rN:        It renders you almost immune to negative energy.
   Rampage:   It bestows one free step when moving towards enemies.
   Will:      It decreases your willpower.
 C - the ring of Eschiet {MP+9 Str+3 SInv}
   (You found it in a Gauntlet)

   [ring of magical power]

   Str:       It affects your strength (+3).
   MP:        It affects your magic capacity (+9).
   SInv:      It lets you see invisible.
 I - the amulet "Xuwu" {Spirit Regen+ Str-5 Dex+5}
   (You found it on level 8 of the Dungeon)

   [amulet of guardian spirit]

   It causes incoming damage to be divided between your reserves of health and
   magic.
   Str:       It affects your strength (-5).
   Dex:       It affects your dexterity (+5).
   Regen:     It increases your rate of health regeneration.
 J - the necklace of Bloodlust (around neck) {*Rage Will++ Int-3 Slay+6}
   (You found it on level 8 of the Dungeon)

   [amulet of nothing]

   It extends the wearer's berserk rage when killing foes.
   Int:       It affects your intelligence (-3).
   Slay:      It affects your accuracy & damage with ranged weapons and melee
   (+6).
   *Rage:     It berserks you when you make melee attacks (+50% chance).
   Will:      It greatly increases your willpower.
 P - a ring of willpower
 T - a ring of protection from cold
 U - a ring of positive energy (right hand)
Wands
 g - a wand of paralysis (28)
 t - a wand of flame (62)
 x - a wand of polymorph (13)
 D - a wand of iceblast (12)
 K - a wand of charming (6)
 S - a wand of mindburst (6)
Scrolls
 c - a scroll of silence
 d - a scroll of blinking
 e - 4 scrolls of magic mapping
 j - a scroll of enchant weapon
 k - 2 scrolls of immolation
 l - 7 scrolls of fear
 z - 8 scrolls of identify
 L - 4 scrolls of enchant armour
 O - 9 scrolls of teleportation
Potions
 h - 2 potions of curing
 o - a potion of magic
 q - 2 potions of might
 r - 3 potions of lignification
 v - 3 potions of berserk rage
 B - 3 potions of flight
 M - 2 potions of attraction
 N - 2 potions of mutation
 Q - 2 potions of invisibility
 X - 2 potions of haste


   Skills:
 + Level 14.2 Fighting
 - Level 16.0 Axes
 - Level 10.1 Armour
 * Level 10.3 Shields
 - Level 5.0 Invocations


You had 13 spell levels left.
You didn't know any spells.
Your spell library contained the following spells:

 Spells                   Type           Power      Damage    Failure   Level
 Animate Skeleton         Necr           0%         N/A       71%         1
 Beastly Appendage        Tmut           0%         N/A       71%         1
 Freeze                   Ice            0%         1d3       71%         1
 Pain                     Necr           0%         1d4       71%         1
 Sandblast                Erth           0%         2d4       71%         1
 Blink                    Tloc           0%         N/A       85%         2
 Passwall                 Tmut/Erth      0%         N/A       85%         2
 Wereblood                Tmut           0%         N/A       85%         2
 Conjure Flame            Conj/Fire      0%         6-21      97%         3
 Dazzling Flash           Conj/Hex       0%         N/A       97%         3
 Frozen Ramparts          Ice            0%         1d2       97%         3
 Gell's Gravitas          Tloc           0%         N/A       97%         3
 Ignite Poison            Fire/Tmut/Pois 0%         N/A       97%         3
 Lesser Beckoning         Tloc           0%         N/A       97%         3
 Spider Form              Tmut/Pois      0%         N/A       97%         3
 Stone Arrow              Conj/Erth      0%         3d7       97%         3
 Teleport Other           Tloc           0%         N/A       97%         3
 Vampiric Draining        Necr           0%         2d6       97%         3
 Hailstorm                Conj/Ice       0%         3d3       100%        4
 Ice Form                 Ice/Tmut       0%         N/A       100%        4
 Sticky Flame             Conj/Fire      0%         2d3       100%        4
 Summon Ice Beast         Ice/Summ       0%         N/A       100%        4
 Agony                    Necr           0%         N/A       100%        5
 Excruciating Wounds      Necr           0%         N/A       100%        5
 Fireball                 Conj/Fire      0%         3d3       100%        5
 Iskenderun's Battlesphe  Conj           0%         2d6       100%        5
 Manifold Assault         Tloc           0%         N/A       100%        5
 Silence                  Hex/Air        0%         N/A       100%        5
 Summon Mana Viper        Hex/Summ       0%         N/A       100%        5
 Conjure Ball Lightning   Conj/Air       0%         3x3d6     100%        6
 Starburst                Conj/Fire      0%         6d3       100%        6
 Monstrous Menagerie      Summ           0%         N/A       100%        7
 Orb of Destruction       Conj           0%         N/A       100%        7
 Storm Form               Tmut/Air       0%         N/A       100%        7
 Ignition                 Fire           0%         3d3       100%        8
 Chain Lightning          Conj/Air       0%         N/A       100%        9
 Fire Storm               Conj/Fire      0%         5d1       100%        9
 Shatter                  Erth           0%         3d5*      100%        9


Dungeon Overview and Level Annotations

Branches:
Dungeon (9/15)             Temple (0/1) D:6            Lair (6/6) D:8
 Shoals (2/4) Lair:4        Snake (0/4) Lair:2        Slime (0/5) Lair:5
Gauntlet (visited)
    Orc: D:9-12

Altars:
Cheibriados
Gozag
Kikubaaqudgha
Makhleb
Nemelex Xobeh
Ru
Trog
Wu Jian

Shops:
D:1 :


Innate Abilities, Weirdness & Mutations

You have a pair of large antennae on your head. (SInv)
You are mostly covered in yellow scales. (AC +3)
You sometimes emit foul miasma when damaged in melee.
You are partially covered in sharp spines.
You punish those that try to bend your will. (Will+)


Message History

* * * LOW HITPOINT WARNING * * *
You feel better.
The merfolk hits you but does no damage. x2
You are poisoned.
The merfolk impaler hits you from afar with a +3 demon trident of flaming.
* * * LOW HITPOINT WARNING * * *
The merfolk impaler burns you.
* * * LOW HITPOINT WARNING * * *
The merfolk barely misses you.
The merfolk impaler hits you but does no damage.
You feel much better.
You feel sick.
The merfolk hits you but does no damage.
The merfolk hits you from afar with a +2 spear of venom.
You are more poisoned.
The merfolk impaler hits you from afar with a +3 demon trident of flaming!
* * * LOW HITPOINT WARNING * * *
The merfolk impaler burns you.
* * * LOW HITPOINT WARNING * * *
The merfolk hits you but does no damage.
You feel much better.
You feel very sick. The merfolk completely misses you.
The merfolk impaler barely misses you.
The merfolk hits you from afar with a +2 spear of venom.
* * * LOW HITPOINT WARNING * * *
You are more poisoned.
The merfolk barely misses you.
The merfolk impaler completely misses you.
A demon appears!
* * * LOW HITPOINT WARNING * * *
You feel very sick. The merfolk barely misses you.
The merfolk hits you from afar with a +2 spear of venom!
* * * LOW HITPOINT WARNING * * *
You are more poisoned.
The merfolk impaler hits you from afar with a +3 demon trident of flaming!
* * * LOW HITPOINT WARNING * * *
The merfolk impaler burns you.
* * * LOW HITPOINT WARNING * * *
The merfolk hits you from afar with a +0 glaive!
You die...

#≈≈≈≈≈......≈≈≈≈≈≈≈≈≈≈≈≈≈≈≈≈.
#≈≈≈≈≈=#..≈≈...≈≈≈≈≈≈≈≈≈≈≈≈≈.
#≈≈≈≈≈..........≈≈≈≈≈≈≈≈..≈≈≈
#≈≈≈≈≈≈≈≈.......≈≈≈≈≈≈≈≈...≈≈
#≈≈≈≈≈≈≈≈).......≈≈≈
#≈≈≈≈≈≈≈≈...###...≈≈
#≈≈≈≈≈≈≈...(!##.....
#≈≈≈≈≈≈≈............
#≈≈≈≈≈≈≈....@..>....
#≈≈≈≈≈≈≈..3.....(..≈
≈≈≈≈≈≈≈≈..mmmm.##..
≈≈≈≈≈≈≈≈≈≈m..## #
≈≈≈≈≈≈≈≈≈≈..( ≈≈≈≈≈≈≈≈≈....
≈≈≈≈≈≈≈≈..... ≈≈≈≈≈≈≈≈≈.....


You could see a merfolk impaler (ally target), 4 merfolk and a friendly smoke
demon (summoned).

Vanquished Creatures
  A dire elephant (Lair:6)
  A minotaur (Gauntlet)
  A merfolk impaler (Shoals:2)
  Snorg (Lair:3)
  A fire dragon (Lair:6)
  7 hydras
  2 boulder beetles
  A catoblepas (Lair:5)
  3 centaur warriors (D:9)
  5 death yaks
  2 two-headed ogres (D:9)
  2 merfolk aquamancers (Shoals:1)
  A merfolk avatar (Shoals:1)
  2 sea snakes
  A swamp dragon (Lair:6)
  6 harpies (Shoals:1)
  A lindwurm (Lair:4)
  A deep elf pyromancer (D:9)
  2 oklob plants
  A necromancer (Gauntlet)
  4 manticores
  6 cyclopes
  A merfolk siren (Shoals:2)
  10 elephants
  A faun (Shoals:1)
  6 black mambas
  A water nymph (Shoals:1)
  3 torpor snails
  17 cane toads
  2 rime drakes
  7 komodo dragons
  6 merfolk
  2 trolls
  A hornet (D:9)
  10 polar bears
  3 wind drakes
  8 dream sheep
  2 raiju (Lair:6)
  4 blink frogs (Lair:3)
  6 snapping turtles (Shoals:2)
  Sigmund (D:3)
  8 wyverns
  6 basilisks
  7 water elementals
  A shadow (D:8)
  31 yaks
  2 vampire mosquitoes
  2 steam dragons
  Menkaure (D:7)
  6 nagas (Lair:2)
  6 wargs (Lair:6)
  6 acid dragons
  Edmund (D:4)
  13 hell hounds (Lair:6)
  15 water moccasins
  6 orc warriors
  4 sky beasts
  13 black bears
  2 swamp drakes (Lair:6)
  2 ice beasts
  An ogre (D:7)
  A necrophage (D:6)
  6 centaurs
  16 wolves
  4 kobold brigands
  A gnoll sergeant (D:9)
  3 scorpions
  A wyvern zombie (D:5)
  12 bullfrogs
  A water moccasin zombie (D:5)
  2 water moccasin skeletons
  11 killer bees (D:8)
  An electric eel (Lair:4)
  3 wights (D:9)
  6 howler monkeys
  2 centaur zombies (D:9)
  A hound (D:4)
  A bullfrog zombie (D:5)
  5 orc priests
  Crazy Yiuf (D:5)
  A gnoll shaman (D:5)
  2 centaur skeletons
  A bullfrog skeleton (D:4)
  4 iguanas
  11 orc wizards
  A killer bee zombie (D:5)
  A hound skeleton (D:5)
  Robin (D:4)
  2 howler monkey zombies
  13 gnolls
  A howler monkey skeleton (D:7)
  5 adders
  4 worms
  A dart slug (D:4)
  27 orcs
  A bat (D:2)
  11 endoplasms
  3 giant cockroaches
  15 goblins
  10 hobgoblins
  3 jackals (D:1)
  2 quokkas
  8 ball pythons
  4 frilled lizards
  15 kobolds
  5 rats
506 creatures vanquished.

Vanquished Creatures (collateral kills)
  A cane toad (Lair:5)
1 creature vanquished.

Vanquished Creatures (others)
  An orc wizard (D:3)
  17 fungi
  57 plants
  16 withered plants
91 creatures vanquished.

Grand Total: 598 creatures vanquished

Notes
Turn   | Place    | Note
-------+----------+-------------------------------------------
     0 | D:1      | HDogLeCool the Demonspawn Fighter began the quest for the
                  | Orb.
     0 | D:1      | Reached XP level 1. HP: 18/18 MP: 1/1
   286 | D:1      | Reached skill level 2 in Axes
   329 | D:1      | Gained mutation: You are partially covered in yellow
                  | scales. (AC +2) [demonic ancestry]
   329 | D:1      | Reached XP level 2. HP: 10/24 MP: 2/2
   537 | D:1      | Found Suakk's Book Shop.
   620 | D:1      | Found a faded altar of an unknown god.
   708 | D:1      | Prayed at the altar of an unknown god.
   708 | D:1      | Became a worshipper of Makhleb the Destroyer
   708 | D:1      | Reached * piety under Makhleb
   976 | D:2      | Gained mutation: You are partially covered in sharp spines.
                  | [demonic ancestry]
   976 | D:2      | Reached XP level 3. HP: 23/29 MP: 3/3
  1045 | D:2      | Gained mutation: You may rarely emit foul miasma when
                  | damaged in melee. [demonic ancestry]
  1045 | D:2      | Reached XP level 4. HP: 33/35 MP: 4/4
  1366 | D:2      | Reached skill level 3 in Axes
  1403 | D:2      | Reached ** piety under Makhleb
  1771 | D:3      | Noticed Sigmund
  1787 | D:3      | Killed Sigmund
  1788 | D:3      | Reached skill level 4 in Axes
  1788 | D:3      | Gained mutation: You are mostly covered in yellow scales.
                  | (AC +3) [demonic ancestry]
  1788 | D:3      | Reached XP level 5. HP: 36/42 MP: 5/5
  1923 | D:3      | Gained mutation: You have a pair of small antennae on your
                  | head. [demonic ancestry]
  1923 | D:3      | Reached XP level 6. HP: 32/48 MP: 6/6
  3210 | D:4      | Noticed Robin
  3213 | D:4      | Reached *** piety under Makhleb
  3219 | D:4      | Reached skill level 5 in Axes
  3219 | D:4      | Killed Robin
  3547 | D:4      | Noticed Edmund
  3557 | D:4      | Killed Edmund
  3558 | D:4      | Gained mutation: You have a pair of antennae on your head.
                  | [demonic ancestry]
  3558 | D:4      | Reached XP level 7. HP: 49/55 MP: 7/7
  3571 | D:4      | Reached skill level 5 in Fighting
  3811 | D:4      | Reached skill level 6 in Axes
  4177 | D:5      | Entered Level 5 of the Dungeon
  4498 | D:5      | Gained mutation: You sometimes emit foul miasma when
                  | damaged in melee. [demonic ancestry]
  4498 | D:5      | Reached XP level 8. HP: 46/64 MP: 8/8
  4657 | D:5      | Reached skill level 7 in Axes
  4788 | D:5      | Found a bloodstained altar of Trog.
  4846 | D:5      | Found a runed translucent door.
  4847 | D:5      | Noticed Crazy Yiuf
  5225 | D:5      | Killed Crazy Yiuf
  5447 | D:6      | Found a staircase to the Ecumenical Temple.
  5505 | D:6      | Reached skill level 8 in Axes
  5516 | D:6      | Reached **** piety under Makhleb
  6155 | D:6      | Identified the amulet of Couzo {Faith Rampage rN+++ Will-
                  | Dex+2}
  6384 | D:7      | Reached XP level 9. HP: 26/72 MP: 9/9
  6592 | D:7      | Found a sparkling altar of Nemelex Xobeh.
  6648 | D:7      | Reached skill level 9 in Axes
  6671 | D:7      | Upgraded the game from 0.28-a0-1147-gc7b72d3 to
                  | 0.28-a0-1152-g9c71ebe
  7245 | D:7      | Noticed Menkaure
  7790 | D:7      | Identified a scroll of acquirement
  7790 | D:7      | Acquired 762 gold pieces
  8127 | D:7      | Killed Menkaure
  8805 | D:8      | Reached skill level 10 in Axes
  9009 | D:8      | Reached XP level 10. HP: 57/81 MP: 10/10
  9122 | D:8      | Noticed a cyclops
  9154 | D:8      | Identified the ring of the Median {rF+++ rCorr Str+3 Dex+6
                  | Slay-5}
  9320 | D:8      | Found an ornate altar of the Wu Jian Council.
  9323 | D:8      | Found an ancient bone altar of Kikubaaqudgha.
  9326 | D:8      | Found a sacrificial altar of Ru.
  9329 | D:8      | Found an opulent altar of Gozag.
  9444 | D:8      | Killed a cyclops
  9445 | D:8      | Reached skill level 5 in Armour
  9458 | D:8      | Noticed a boulder beetle
  9633 | D:8      | Found the necklace of Bloodlust {*Rage Will++ Int-3 Slay+6}
  9649 | D:8      | Reached ***** piety under Makhleb
  9833 | D:8      | Killed a boulder beetle
  9923 | D:8      | Reached skill level 11 in Axes
 10130 | D:8      | Found a staircase to the Lair.
 10363 | D:8      | Identified the amulet "Xuwu" {Spirit Regen+ Str-5 Dex+5}
 10424 | D:9      | Noticed a two-headed ogre
 10430 | D:9      | Killed a two-headed ogre
 10447 | D:9      | Noticed a cyclops
 10563 | D:9      | Reached XP level 11. HP: 89/89 MP: 11/11
 10754 | D:9      | Noticed a deep elf pyromancer
 10764 | D:9      | Killed a deep elf pyromancer
 10765 | D:9      | Reached skill level 12 in Axes
 10862 | D:9      | Noticed a centaur warrior
 10870 | D:9      | Killed a centaur warrior
 10917 | D:9      | Noticed a seven-headed hydra
 11046 | D:9      | Noticed a centaur warrior
 11051 | D:9      | Killed a centaur warrior
 11064 | D:9      | Noticed a two-headed ogre
 11069 | D:9      | Reached skill level 10 in Fighting
 11073 | D:9      | Killed a two-headed ogre
 11428 | D:9      | Noticed a six-headed hydra
 11439 | D:9      | HP: 3/90 [wyvern (9)]
 11776 | D:9      | Killed a seven-headed hydra
 11777 | D:9      | Reached skill level 13 in Axes
 11980 | D:9      | Killed a six-headed hydra
 12128 | D:9      | Identified the +1 battleaxe of the Vase {vorpal, rF+ Str+4
                  | Int+4 Dex-4}
 12146 | D:9      | Noticed a seven-headed hydra
 12151 | D:9      | Killed a seven-headed hydra
 12321 | D:9      | Noticed a centaur warrior
 12328 | D:9      | Killed a centaur warrior
 12329 | D:9      | Gained mutation: You have a pair of large antennae on your
                  | head. (SInv) [demonic ancestry]
 12329 | D:9      | Reached XP level 12. HP: 99/99 MP: 12/12
 12802 | Lair:1   | Entered Level 1 of the Lair of Beasts
 13886 | Lair:2   | Noticed a seven-headed hydra
 13894 | Lair:2   | Killed a seven-headed hydra
 13999 | Lair:2   | Reached skill level 14 in Axes
 14104 | Lair:2   | Found a staircase to the Snake Pit.
 15105 | Lair:3   | Noticed Snorg
 15115 | Lair:3   | Killed Snorg
 15834 | Lair:4   | Noticed an eight-headed hydra
 15844 | Lair:3   | Killed an eight-headed hydra
 16369 | Lair:4   | Noticed a six-headed hydra
 16374 | Lair:4   | Killed a six-headed hydra
 16375 | Lair:4   | Reached XP level 13. HP: 107/107 MP: 13/13
 16704 | Lair:4   | Found a staircase to the Shoals.
 16842 | Lair:4   | Reached skill level 15 in Axes
 16842 | Lair:4   | Reached skill level 1 in Invocations
 17150 | Lair:5   | Identified the +8 plate armour of the Imp {Harm rC+ Int-5
                  | Stlth+}
 17204 | Lair:5   | Found a gate leading to a gauntlet.
 17229 | Gauntlet | Entered a Gauntlet
 17229 | Gauntlet | Found a transporter.
 17243 | Gauntlet | Found a transporter.
 17253 | Gauntlet | Found a transporter.
 17258 | Gauntlet | Found a transporter.
 17277 | Gauntlet | Found a transporter.
 17292 | Gauntlet | Found a transporter.
 17301 | Gauntlet | Found a transporter.
 17308 | Gauntlet | Noticed an entropy weaver
 17323 | Gauntlet | Found a transporter.
 17342 | Gauntlet | Found a transporter.
 17348 | Gauntlet | Noticed a quicksilver ooze
 17357 | Gauntlet | Found a large runed translucent door.
 17357 | Gauntlet | Noticed an entropy weaver
 17358 | Gauntlet | Found a large runed translucent door.
 17359 | Gauntlet | Found a large runed translucent door.
 17359 | Gauntlet | Found a large runed translucent door.
 17360 | Gauntlet | Found a runed translucent gate.
 17361 | Gauntlet | Found a transporter.
 17361 | Gauntlet | Found a runed translucent gate.
 17362 | Gauntlet | Found a runed translucent gate.
 17363 | Gauntlet | Found a large runed translucent door.
 17363 | Gauntlet | Found a large runed translucent door.
 17363 | Gauntlet | Found a runed translucent door.
 17363 | Gauntlet | Found a runed translucent door.
 17364 | Gauntlet | Found a large runed translucent door.
 17365 | Gauntlet | Found a large runed translucent door.
 17370 | Gauntlet | Found a large runed translucent door.
 17370 | Gauntlet | Found a large runed translucent door.
 17371 | Gauntlet | Found a large runed translucent door.
 17372 | Gauntlet | Found a large runed translucent door.
 17381 | Gauntlet | Found a large runed translucent door.
 17381 | Gauntlet | Found a large runed translucent door.
 17382 | Gauntlet | Found a large runed translucent door.
 17383 | Gauntlet | Found a large runed translucent door.
 17385 | Gauntlet | Found a transporter.
 17403 | Gauntlet | Found a transporter.
 17405 | Gauntlet | Found a transporter.
 17405 | Gauntlet | Found the +2 Maxwell's thermic engine {flame, freeze}
 17431 | Gauntlet | Found a transporter.
 17433 | Gauntlet | Found a transporter.
 17453 | Gauntlet | Found a transporter.
 17455 | Gauntlet | Found a transporter.
 17657 | Gauntlet | Found a transporter.
 18097 | Gauntlet | Identified the ring of Eschiet {MP+9 Str+3 SInv}
 18162 | Gauntlet | Noticed a minotaur
 18174 | Gauntlet | Killed a minotaur
 18174 | Gauntlet | Reached ****** piety under Makhleb
 18283 | Gauntlet | Identified the +3 kite shield of Reton {+Inv rCorr Int+2}
 18283 | Gauntlet | Identified the +0 kite shield of Magic {Int+5}
 18497 | Lair:5   | Found a staircase to the Slime Pits.
 18956 | Lair:5   | Reached skill level 10 in Armour
 18969 | Lair:5   | Reached skill level 5 in Invocations
 19346 | Lair:6   | Entered Level 6 of the Lair of Beasts
 19357 | Lair:6   | Reached skill level 5 in Shields
 19565 | Lair:6   | Reached skill level 16 in Axes
 19684 | Lair:6   | Gained mutation: You punish those that try to bend your
                  | will. (Will+) [demonic ancestry]
 19684 | Lair:6   | Reached XP level 14. HP: 116/116 MP: 17/17
 19779 | Lair:6   | HP: 3/116 [poison (poison gas)]
 21663 | Lair:6   | Upgraded the game from 0.28-a0-1152-g9c71ebe to
                  | 0.28-a0-1182-g381e24d
 21765 | Shoals:1 | Entered Level 1 of the Shoals
 22007 | Shoals:1 | Found a snail-covered altar of Cheibriados.
 23118 | Shoals:2 | Found the +3 pair of seven-league boots {Rampage+∞}
 23325 | Shoals:2 | Reached skill level 10 in Shields
 23881 | Shoals:2 | HP: 3/120 [merfolk impaler (9)]
 23881 | Shoals:2 | HP: 1/120 [merfolk impaler (2)]
 23881 | Shoals:2 | Mangled by a merfolk

Illustrated notes

Levels and vault maps discovered:
D:1:      dpeg_arrival_pits, layout_basic, serial_shops,
          nicolae_shop_waterfront, ebering_ecumenical_altar_box
D:2:      layout_rooms, minmay_tromino_i2
D:3:      layout_basic, serial_forest, infiniplex_forest_diagonal,
          infiniplex_forest_lined_room_, infiniplex_forest_fountain,
          infiniplex_forest_lined_3_way, infiniplex_forest_straight_5,
          infiniplex_forest_lined_3, infiniplex_forest_clump_medium,
          uniq_sigmund
D:4:      layout_loops_corners, uniq_edmund, uniq_robin
D:5:      layout_basic, mainiacjoe_overflow_catwalk, serial_undead,
          serial_undead_b, serial_undead_e, serial_undead_b, serial_undead_c,
          corexii_corridor_pit, uniq_crazy_yiuf_cottage
D:6:      layout_basic, temple_green, serial_rivers,
          chequers_serial_rivers_large_a, chequers_serial_rivers_room_a,
          chequers_serial_rivers_micro_a, chequers_serial_rivers_small_b
D:7:      layout_basic, mainiacjoe_overflow_alcove_1, uniq_menkaure
D:8:      layout_cave_pools, grunt_temple_overflow_cloverleaf, erik_lair_dragon,
          minmay_diamond_spiral
D:9:      minmay_the_grid_square_5x5_4x4 [minmay_the_grid_square_5x5_bridge,
          minmay_the_grid_square_5x5_mess,
          minmay_the_grid_square_5x5_pentomino_r,
          minmay_the_grid_square_5x5_moneybag, minmay_the_grid_square_5x5_v,
          minmay_the_grid_square_5x5_prize_junk,
          minmay_the_grid_square_5x5_prize_waves,
          minmay_the_grid_square_5x5_inverted_slash,
          minmay_the_grid_square_5x5_six_small,
          minmay_the_grid_square_5x5_prize_itemx,
          minmay_the_grid_square_5x5_prize_pseudospiral,
          minmay_the_grid_square_5x5_tri_point,
          minmay_the_grid_square_5x5_inset,
          minmay_the_grid_square_5x5_fancy_junction,
          minmay_the_grid_square_5x5_eight_small,
          minmay_the_grid_square_5x5_spiral], layout_rooms
Lair:1:   layout_chaotic_city
Lair:2:   layout_small_grid, minmay_snake_entry_guardpost_medium
Lair:3:   layout_hall_layers, uniq_snorg
Lair:4:   layout_misc_corridors, elwin_shoals_entry_rooms
Lair:5:   layout_hall_layers, slime_dummy, gauntlet_entry_generic,
          beast_lair_carwin_1, infiniplex_staircase_pool
Lair:6:   hangedman_lair_caniforms_friends, layout_cave_pods,
          guppyfry_lair_end_dragon, lemuel_fruit_fields
Shoals:1: layout_shoals, lemuel_oklob_altar
Shoals:2: layout_shoals, uniq_donald

Skill      XL: |  1  2  3  4  5  6  7  8  9 10 11 12 13 14 |
---------------+-------------------------------------------+-----
Axes           | 2 4 5 6 8 10 11 13 14 16 | 16.0
Shields        | 3 4 5 10 | 10.3
Fighting       | 4 5 7 8 9 10 11 12 14 | 14.2
Armour         | 4 6 7 9 10 | 10.1
Invocations    | 5 |  5.0

Action                   |  1- 3 |  4- 6 |  7- 9 | 10-12 | 13-15 || total
-------------------------+-------+-------+-------+-------+-------++-------
Melee: War axe           |    56 |   115 |   179 |       |       ||   350
       Hand axe          |       |       |   115 |   367 |   678 ||  1160
       Whip              |       |       |       |    35 |    10 ||    45
Throw: Stone             |       |       |       |       |     1 ||     1
Invok: Minor Destruction |       |       |       |     3 |     7 ||    10
       Lesser Servant of |       |       |       |       |     1 ||     1
  Use: Potion            |       |     1 |       |     2 |    11 ||    14
       Scroll            |       |       |    15 |     6 |     7 ||    28
 Stab: Confused          |       |       |       |       |     3 ||     3
       Distracted        |       |       |       |       |     1 ||     1
       Petrifying        |       |       |       |       |     1 ||     1
       Paralysed         |       |       |       |       |     1 ||     1
Armor: Scale mail        |    26 |    31 |       |       |       ||    57
       Chain mail        |       |    23 |   164 |    35 |       ||   222
       Acid dragon scale |       |       |       |   120 |    19 ||   139
       Quicksilver drago |       |       |       |       |   274 ||   274
Dodge: Dodged            |    22 |    38 |    81 |   124 |   166 ||   431
Block: Buckler           |     9 |    28 |    66 |    63 |     8 ||   174
       Kite shield       |       |       |       |       |   306 ||   306

Table legend: (Time is in decaauts)
 A = Elapsed time spent in this place.
 B = Non-inter-level travel time spent in this place.
 C = Inter-level travel time spent in this place.
 D = Time resting spent in this place.
 E = Time spent auto-exploring this place.
 F = Levels seen in this place.
 G = Mean time per level.
                   A        B        C        D        E       F      G
               +--------+--------+--------+--------+--------+-----+--------+
         Total |  24811 |  23989 |    822 |   8668 |  11399 |  18 | 1378.4 |
       Dungeon |  13054 |  12541 |    513 |   4899 |   5713 |   9 | 1450.4 |
          Lair |   8274 |   7979 |    295 |   2402 |   4560 |   6 | 1379.0 |
        Shoals |   2367 |   2355 |     12 |   1113 |    772 |   2 | 1183.5 |
      Gauntlet |   1114 |   1114 |      0 |    252 |    353 |   1 | 1114.0 |
               +--------+--------+--------+--------+--------+-----+--------+

Top non-repeatable levels by time:
     D:8: 2546 daAuts
  Lair:6: 2455 daAuts
     D:6: 1997 daAuts
     D:7: 1558 daAuts
     D:9: 1552 daAuts
Shoals:1: 1519 daAuts
  Lair:4: 1423 daAuts
     D:3: 1381 daAuts
  Lair:5: 1192 daAuts
     D:5: 1157 daAuts
Gauntlet: 1114 daAuts
  Lair:2: 1110 daAuts
  Lair:3: 1071 daAuts
     D:4: 1056 daAuts
  Lair:1: 1022 daAuts
